K2, neutral male human Wizard I|. I@. ... ... K2 the Evoker Experience level: 1 Strength: 11 Dexterity: 11 Constitution: 15 Intelligence: 18 Wisdom: 12 Charisma: 12 Health: 5(13) Energy: 1(5) Def: 1 Gold: 414 Moves: 3606 Dungeon seed: rmgF3yIq9dOkt68P Game ID: K2_1475291812 Your Inventory: Coins $ - 414 gold pieces Weapons a - an uncursed +0 elven dagger (weapon in hand) b - 5 uncursed +0 daggers (in quiver) E - a blessed +1 quarterstaff (alternate weapon; not wielded) L - a cursed -1 dagger Armor A - an uncursed +0 cloak of magic resistance (being worn) Comestibles F - an uncursed food ration P - an uncursed banana Scrolls i - 2 uncursed scrolls of destroy armor j - an uncursed scroll of confuse monster G - 6 uncursed scrolls of blank paper M - a cursed scroll of destroy armor O - 2 cursed scrolls of blank paper Spellbooks l - a blessed spellbook of force bolt m - an uncursed spellbook of remove curse Potions f - a potion of holy water g - an uncursed potion of gain level h - an uncursed potion of paralysis Rings c - an uncursed ring of teleport control d - an uncursed +1 ring of increase accuracy B - an uncursed ring of poison resistance (on left hand) Wands I - an uncursed wand of lightning (0:5) Tools p - an uncursed +0 pick-axe w - an uncursed magic whistle x - 7 uncursed tallow candles (0:200) z - an uncursed fire horn (0:0) C - 4 blessed tallow candles (0:200) D - 5 uncursed wax candles (0:400) Gems e - 2 uncursed worthless pieces of green glass n - an uncursed opal q - 2 uncursed worthless pieces of black glass r - 2 uncursed worthless pieces of red glass y - an uncursed jade stone H - an uncursed jasper stone J - an uncursed worthless piece of blue glass N - 2 uncursed worthless pieces of orange glass Y - an uncursed chrysoberyl stone Spells and supernatural/magical abilities: Name Level Category Fail Memory a - force bolt 1 attack 0% 82% r - remove curse 3 clerical 91% 82% W - pray for help -- divine ? -- Your skills at the end: Fighting Skills wands [Basic] Weapon Skills quarterstaff [Basic] Spellcasting Skills attack spells [Basic] enchantment spells [Basic] Final Attributes: You were piously aligned. You were poison resistant. You were magic-protected. You were telepathic. You are dead. Vanquished creatures: a dwarf lord 2 rock moles a shrieker 4 gnome lords a gnomish wizard 2 gray oozes 3 paper golems 3 giant ants 2 floating eyes 6 dwarves a homunculus a rabid rat 2 iguanas a coyote a gas spore a hobbit a hobgoblin a giant rat a yellow mold a green mold 16 gnomes 3 garter snakes 3 geckos a fox 2 kobolds 2 sewer rats 4 grid bugs a bat 2 lichens 2 kobold zombies 2 newts 74 creatures vanquished. Voluntary challenges: You had been an atheist until turn 1902. You used a wielded weapon 115 times, starting on turn 229. You read items or engraved 2 times, starting on turn 2885. You never genocided any monsters. You never polymorphed an object. You never changed form. You used no wishes. You never split a pudding. You never wrote Elbereth's name. You violated your moral code, losing 10 points of alignment, starting on turn 2172. You abstained from Elbereth's help. Dungeon overview: The Dungeons of Doom: levels 1 to 3 Level 1 a sink a long staircase Level 2 Level 3 a fountain stairs to The Gnomish Mines The Gnomish Mines: levels 4 to 6 Level 4 stairs to The Dungeons of Doom Level 5 Level 6 <- You were here History has recorded: On T:1 you entered the Dungeons of Doom to retrieve the Amulet of Yendor! On T:350 you reached level 2 of The Dungeons of Doom. On T:729 you reached level 3 of The Dungeons of Doom. On T:893 you advanced to experience level 2. On T:1251 you advanced to experience level 3. On T:1293 you reached level 1 of The Gnomish Mines. On T:1413 you advanced to experience level 4. On T:1543 you advanced to experience level 5. On T:2783 you advanced to experience level 6. On T:2845 you reached level 2 of The Gnomish Mines. On T:3598 you reached level 3 of The Gnomish Mines. Score breakdown: Gold: 414 ( 8905 points) Experience: 1 level ( 0 points) Exploration: 6 levels ( 12.50%) ( 9784 points) Discoveries: 6 items ( 2.07%) ( 4315 points) Valuables value: (no points given unless you survive) Artifact value: 0 ( 0 points) Variety of kills: 31 monsters ( 8.09%) ( 8534 points) Turncount: 3606 turns ( -871 points) Survival: died (score multiplied by 80%) Total score: 24533 Latest messages: You hear a blast. The force bolt hits it! Welcome to experience level 5. You hear a nearby zap. The death ray hits you! Goodbye level 5. You hear a blast. You hear a nearby zap. The death ray hits you! Goodbye level 4. You hear a blast. You hit it. You hear a nearby zap. The death ray hits you! Goodbye level 3. You hear a blast. You hear a nearby zap. The death ray hits you! Goodbye level 2. You hear a blast. You miss it. You hear a nearby zap. The death ray hits you! Final status: Goodbye K2 the Wizard, drained by a wand of death... You died in The Gnomish Mines on dungeon level 6 with 24533 points, and 414 pieces of gold, after 3606 moves. You were level 1 with a maximum of 13 hit points when you died.